 Dungeon Crawl Stone Soup version 0.24.0-29-g8ce449bc06 (webtiles) character file.

Game seed: 5081344743213094594, levelgen mode: deterministic

4214 Curus the Basher (level 10, -1/117 HPs)
             Began as a Green Draconian Berserker on Nov 14, 2019.
             Was a High Priest of Trog.
             Slain by Harold
             ... wielding a +0 glaive
              (14 damage)
             ... on level 8 of the Dungeon.
             The game lasted 00:41:54 (7158 turns).

Curus the Basher (Green Draconian Berserker)        Turns: 7158, Time: 00:41:54

Health: -1/117     AC: 10    Str: 25    XL:     10   Next: 9%
Magic:  10/10      EV: 13    Int:  7    God:    Trog [*****.]
Gold:   138        SH:  0    Dex: 14    Spells: 9/9 levels left

rFire    . . .     SeeInvis .   r - +1 dire flail
rCold    . . .     Gourm    .   (shield currently unavailable)
rNeg     . . .     Faith    .   (armour unavailable)
rPois    +         Spirit   .   (helmet restricted)
rElec    .         Reflect  .   d - +1 cloak
rCorr    +         Harm     .   (no gloves)
MR       .....                  s - +0 pair of boots
Stlth    ..........             (no amulet)
HPRegen  0.29/turn              n - ring of resist corrosion
MPRegen  0.12/turn              (no ring)

@: berserking (expiring), lethally poisoned (-1 -> -1), very quick
A: breathe noxious fumes, unfitting armour, poison resistance, cold-blooded, AC
+7
a: Breathe Noxious Fumes, Berserk, Trog's Hand, Brothers in Arms, Renounce
Religion


You were on level 8 of the Dungeon.
You worshipped Trog.
Trog was extremely pleased with you.
You were very hungry.

You visited 1 branch of the dungeon, and saw 8 of its levels.

You collected 387 gold pieces.
You spent 249 gold pieces at shops.

Inventory:

Hand Weapons
 a - a +0 mace
 f - a +0 mace of draining
 m - a +1 flail
 r - a +1 dire flail (weapon)
Armour
 d - a +1 cloak (worn)
 s - a +0 pair of boots (worn)
Jewellery
 g - an uncursed amulet of inaccuracy
 h - an uncursed ring of wizardry
 n - a ring of resist corrosion (left hand)
Wands
 i - a wand of iceblast (9)
 k - a wand of scattershot (4)
 p - a wand of flame (13)
 x - a wand of digging (6)
Scrolls
 e - 5 scrolls of identify
 j - 5 scrolls of remove curse
 u - a scroll of magic mapping
 v - a scroll of teleportation
Potions
 c - 2 potions of cancellation
 l - a potion of invisibility
 o - 2 potions of heal wounds
 q - a potion of flight
 t - a potion of magic
Comestibles
 b - 13 rations
 w - 4 chunks of flesh


   Skills:
 + Level 3.9 Fighting
 - Level 14.0 Maces & Flails
 + Level 3.2 Dodging


You had 9 spell levels left.
You didn't know any spells.
Your spell library was empty.

Dungeon Overview and Level Annotations

Branches:
Dungeon (8/15)             Temple (0/1) D:4
   Lair: D:8-11

Altars:
Cheibriados
Hepliaklqana
Qazlal
Xom
The Shining One

Shops:
D:7 *

Annotations:
D:8 Harold


Innate Abilities, Weirdness & Mutations

You can breathe blasts of noxious fumes.
Your lurid green scales are hard. (AC +7)
You cannot fit into any form of body armour.
Your system is resistant to poisons. (rPois)
You are cold-blooded and may be slowed by cold attacks.


Message History

You closely miss the orc. You tail-slap the orc.
The orc is moderately wounded.
Harold misses you.
You barely miss the orc.
The orc is moderately wounded.
You impale the orc!!
You kill the orc!
Trog accepts your kill.
You feel sick. Harold hits you with a +0 glaive!
* * * LOW HITPOINT WARNING * * *
Things that are here:
a +0 club; a +0 leather armour; an arrow You thump Harold!
Your tail-slap misses Harold.
Harold is lightly wounded.
You barely miss Harold.
Harold is lightly wounded.
You hit Harold but do no damage.
Harold is lightly wounded.
Harold hits you with a +0 glaive!
You die...

.#......###.##
.###......#..#
###<.........#
#.....(.....###
...........##..##
...........##...#
.............#..#
..^.........##..## ####
....>..........)@##....##
..............)##@.......
..... .......#.)........
..... .......#....##...#
..... .....#.....# ...
.....#5..... @
...........#.
....oo...#.## ...... ..


You could see Harold.

Vanquished Creatures
  A two-headed ogre (D:8)
  The ghost of Bombadil the Agent of Entropy, a novice DsAK of Lugonu (D:4)
  Grinder (D:3)
  A hippogriff (D:6)
  A spriggan (D:7)
  A hungry ghost (D:5)
  An orc warrior (D:7)
  A water moccasin (D:7)
  A black bear (D:6)
  4 ogres
  3 centaurs
  3 bullfrogs
  Blork the orc (D:6)
  A water moccasin skeleton (D:8)
  3 killer bees
  4 wights (D:6)
  2 howler monkeys (D:7)
  A crimson imp (D:6)
  A centaur zombie (D:7)
  A bullfrog zombie (D:5)
  Crazy Yiuf (D:2)
  4 centaur skeletons
  7 hounds
  2 jellies
  An orc priest (D:4)
  Jessica (D:3)
  An iguana (D:5)
  Ijyb (D:3)
  Terence (D:3)
  4 orc wizards
  2 worker ants
  3 hound skeletons
  A mummy (D:7)
  4 gnolls (D:5)
  10 adders
  A shadow imp (D:8)
  An ooze (D:2)
  3 adder skeletons
  A worm (D:2)
  4 leopard geckos
  20 orcs
  4 ball pythons
  9 bats
  6 giant cockroaches
  12 goblins
  9 hobgoblins
  10 jackals
  8 kobolds
  3 quokkas
  9 frilled lizards
  A jackal zombie (D:8)
  A leopard gecko zombie (D:7)
  10 rats
188 creatures vanquished.

Notes
Turn   | Place    | Note
-------+----------+-------------------------------------------
     0 | D:1      | Curus the Draconian Berserker began the quest for the Orb.
     0 | D:1      | Reached XP level 1. HP: 19/19 MP: 1/1
   101 | D:1      | Reached XP level 2. HP: 22/26 MP: 2/2
   270 | D:1      | Reached skill level 4 in Maces & Flails
   531 | D:1      | Reached ** piety under Trog
   532 | D:1      | Reached XP level 3. HP: 31/31 MP: 3/3
  1251 | D:2      | Reached skill level 5 in Maces & Flails
  1251 | D:2      | Reached XP level 4. HP: 29/38 MP: 4/4
  1730 | D:2      | Found a runed translucent door.
  1731 | D:2      | Noticed Crazy Yiuf
  1896 | D:2      | Killed Crazy Yiuf
  2004 | D:3      | Noticed Jessica
  2005 | D:3      | Killed Jessica
  2005 | D:3      | Reached *** piety under Trog
  2005 | D:3      | Reached XP level 5. HP: 42/45 MP: 5/5
  2080 | D:3      | Noticed Ijyb
  2087 | D:3      | Killed Ijyb
  2087 | D:3      | Reached skill level 6 in Maces & Flails
  2225 | D:3      | Noticed Grinder
  2226 | D:3      | Paralysed by Grinder for 7 turns
  2241 | D:3      | Paralysed by Grinder for 2 turns
  2244 | D:3      | Killed Grinder
  2244 | D:3      | Reached skill level 7 in Maces & Flails
  2244 | D:3      | Reached XP level 6. HP: 35/51 MP: 6/6
  2341 | D:3      | Noticed Terence
  2348 | D:3      | Killed Terence
  2980 | D:4      | Reached skill level 8 in Maces & Flails
  2988 | D:4      | Your scales start taking on a lurid green colour.
  2988 | D:4      | Reached XP level 7. HP: 35/57 MP: 7/7
  2988 | D:4      | Gained mutation: Your system is resistant to poisons.
                  | (rPois) [Green Draconian growth]
  3138 | D:4      | Found a glowing golden altar of the Shining One.
  3198 | D:4      | Found a staircase to the Ecumenical Temple.
  3222 | D:4      | Found a stormy altar of Qazlal.
  3223 | D:4      | Noticed an air elemental
  3223 | D:4      | Noticed a fire elemental
  3223 | D:4      | Noticed a water elemental
  3285 | D:4      | Found a runed translucent gate.
  3285 | D:4      | Found a runed translucent gate.
  3285 | D:4      | Found a runed translucent gate.
  3287 | D:4      | Noticed Bombadil's ghost (novice DsAK)
  3305 | D:4      | Killed Bombadil's ghost
  3305 | D:4      | Reached skill level 9 in Maces & Flails
  3687 | D:4      | Reached XP level 8. HP: 63/63 MP: 8/8
  3792 | D:5      | Entered Level 5 of the Dungeon
  3839 | D:5      | Reached skill level 10 in Maces & Flails
  4127 | D:5      | Reached **** piety under Trog
  4235 | D:5      | Identified Gauthuc's Compendium of Assistive Feathers
  4302 | D:5      | Reached skill level 11 in Maces & Flails
  4462 | D:5      | Found a shimmering altar of Xom.
  4914 | D:6      | Reached XP level 9. HP: 59/70 MP: 9/9
  4933 | D:6      | Reached skill level 12 in Maces & Flails
  5608 | D:6      | Noticed Blork the orc
  5612 | D:6      | Killed Blork the orc
  5653 | D:7      | Found Paapofoalem's Assorted Antiques.
  5661 | D:7      | Bought a scroll labeled RISAOKHU ELUEF for 28 gold pieces
  5661 | D:7      | Bought a scroll of teleportation for 84 gold pieces
  5661 | D:7      | Bought a fizzy coppery potion for 25 gold pieces
  5661 | D:7      | Bought a crooked bone wand for 112 gold pieces
  5739 | D:7      | Reached skill level 13 in Maces & Flails
  6302 | D:7      | Found a hazy altar of Hepliaklqana.
  6815 | D:7      | Found a snail-covered altar of Cheibriados.
  6899 | D:8      | Noticed a two-headed ogre
  7054 | D:8      | Killed a two-headed ogre
  7054 | D:8      | Reached skill level 14 in Maces & Flails
  7054 | D:8      | Reached XP level 10. HP: 45/77 MP: 10/10
  7128 | D:8      | Reached ***** piety under Trog
  7128 | D:8      | Noticed Harold
  7148 | D:8      | Received a gift from Trog
  7158 | D:8      | Slain by Harold

Levels and vault maps discovered:
D:1:      erik_arrival_triangle_large, layout_basic, serial_park_tiny_pond
D:2:      minmay_razor_zed, layout_loops_ring, uniq_crazy_yiuf_cottage
D:3:      layout_basic, uniq_terence, uniq_ijyb, uniq_jessica, uniq_grinder
D:4:      layout_basic, nicolae_qazlal_style_of_elements,
          nicolae_tso_swordbearing_angel, minmay_temple_entry_proselytizer,
          ebering_ghost_rock_garden, kennysheep_pointless_box,
          chequers_serial_rivers_micro_d, minmay_hedge_maze, minmay_distorted
D:5:      layout_loops_corners, lemuel_doored_altar, first_ration,
          kennysheep_nondescript
D:6:      layout_rooms, uniq_blork_the_orc
D:7:      layout_layer_cave, lemuel_coloured_pillars_altar, slow_altar_2,
          serial_shops, shop, serial_glass, glass_columns_c, glass_columns_c,
          the_bakery
D:8:      layout_cave_pools, okawaru_gym_becter,
          lemuel_zombie_altar_kikubaaqudgha, ebering_ghost_inner_flame,
          enter_bailey_2, kennysheep_crisscross, uniq_harold

Skill      XL: |  1  2  3  4  5  6  7  8  9 10 |
---------------+-------------------------------+-----
Maces & Flails | 4 5 7 8 9 11 14 | 14.0
Dodging        | 3 |  3.2
Fighting       | |  3.9

Action                   |  1- 3 |  4- 6 |  7- 9 | 10-12 || total
-------------------------+-------+-------+-------+-------++-------
Melee: Mace              |   129 |   123 |    16 |       ||   268
       Tailslap          |    18 |    13 |    52 |     7 ||    90
       Flail             |       |       |   217 |       ||   217
       Dire flail        |       |       |   163 |    47 ||   210
Invok: Berserk           |       |     2 |     2 |     1 ||     5
 Abil: Breathe Noxious F |       |       |     3 |       ||     3
  Use: Potion            |     4 |     3 |     4 |       ||    11
       Scroll            |     4 |     2 |     8 |       ||    14
 Stab: Sleeping          |     1 |     2 |     1 |       ||     4
       Confused          |       |       |     4 |       ||     4
  Eat: Chunk             |     1 |     8 |     9 |     1 ||    19
       Ration            |       |       |     4 |       ||     4
Armor: Skin              |    39 |    39 |    89 |    15 ||   182
Dodge: Dodged            |    97 |    79 |   193 |    23 ||   392
